 Dungeon Crawl Stone Soup version 0.31.0-9-g3a7656b989 (webtiles) character file.

Game seed: 15207279671765912143

99306 Amplified the Warrior (level 15, -9/132 HPs)
             Began as a Merfolk Fighter on Jan 28, 2024.
             Was an Elder of the Shining One.
             Mangled by a red devil
             ... wielding a +0 demon trident
             ... summoned by an orc sorcerer
              (21 damage)
             ... while paralysed by an orc sorcerer
             ... on level 2 of the Orcish Mines.
             The game lasted 00:38:43 (23472 turns).

Amplified the Warrior (Merfolk Fighter)            Turns: 23472, Time: 00:38:43

Health: -9/132     AC: -1    Str: 32    XL:     15   Next: 96%
Magic:  25/25      EV:  2    Int:  8    God:    the Shining One [****..]
Gold:   1206       SH:  0    Dex: 14    Spells: 25/27 levels left

rFire   . . .        a - +1 trident (venom)
rCold   + + .        l - +5 tower shield {rPois}
rNeg    + + .        s - +3 ring mail {rC+}
rPois   +            d - +1 helmet of Ethereal Satisfaction {+Inv rC+}
rElec   .            F - +0 cloak
rCorr   .            e - +1 pair of gloves {Str+3}
SInv    .            n - +0 pair of boots
Will    +....        (no amulet)
Stlth   +            p - +6 ring of strength
HPRegen 0.42/turn    A - +4 ring of protection
MPRegen 0.19/turn

%: no passive effects
@: paralysed, spiked, corroded, glowing
A: (nimble swimmer 2), mertail
a: Renounce Religion, Evoke Invisibility, Divine Shield, Cleansing Flame


You were on level 2 of the Orcish Mines.
You worshipped the Shining One.
The Shining One was greatly pleased with you.
You visited 3 branches of the dungeon, and saw 22 of its levels.
You also visited: Sewer.

You collected 2177 gold pieces.
You spent 971 gold pieces at shops.

Inventory:

Hand Weapons
 a - a +1 trident of venom (weapon)
 c - a +2 eveningstar of holy wrath
Missiles
 k - 58 poisoned darts
 J - 3 silver javelins (quivered)
 M - 3 throwing nets
Armour
 d - the +1 helmet of Ethereal Satisfaction (worn) {+Inv rC+}
   (You took it off Robin on level 3 of the Dungeon)

   rC+:       It protects you from cold.
   +Inv:      It lets you turn invisible.
 e - a +1 pair of gloves of strength (worn)
 l - a +5 tower shield of poison resistance (worn)
 n - a +0 pair of boots (worn)
 s - a +3 ring mail of cold resistance (worn)
 F - a +0 cloak (worn)
Jewellery
 p - a +6 ring of strength (left hand)
 q - a ring of protection from fire
 A - a +4 ring of protection (right hand)
 C - a ring of flight
 D - a ring of poison resistance
 L - the ring of Kuemaan {Ice rPois Slay+3}
   (You found it on level 5 of the Lair of Beasts)

   [ring of ice]

   Ice:       It enhances your ice magic.
   Slay+3:    It affects your accuracy & damage with ranged weapons and melee
   (+3).
   rF-:       It makes you vulnerable to fire.
   rC+:       It protects you from cold.
   rPois:     It protects you from poison
 N - a ring of resist corrosion
Wands
 t - a wand of digging (4)
 u - a wand of polymorph (9)
 v - a wand of flame (38)
 w - a wand of paralysis (11)
 x - a wand of mindburst (12)
 T - a wand of roots (7)
Scrolls
 b - 3 scrolls of amnesia
 g - 6 scrolls of teleportation
 h - a scroll of enchant weapon
 j - 5 scrolls of vulnerability
 y - a scroll of poison
 E - 3 scrolls of brand weapon
 Q - a scroll of blinking
 R - 3 scrolls of fog
 U - a scroll of immolation
Potions
 f - 4 potions of mutation
 i - 2 potions of curing
 m - a potion of degeneration
 o - 6 potions of lignification
 r - 6 potions of haste
 z - 2 potions of resistance
 B - a potion of brilliance
 G - 3 potions of attraction
 K - a potion of might
 O - a potion of heal wounds {unknown}
 S - a potion of magic
 V - a potion of enlightenment {unknown}
Miscellaneous
 P - a phantom mirror


   Skills:
 * Level 16.4 Fighting
 - Level 16.0 Polearms
 - Level 2.4 Armour
 - Level 1.4 Dodging
 * Level 15.0 Shields
 * Level 6.6 Spellcasting
 * Level 6.1 Translocations
 + Level 11.2 Invocations


You had 25 spell levels left.
You knew the following spells:

 Your Spells              Type           Power      Damage    Failure   Level
a - Lesser Beckoning      Tloc           24%        N/A       8%          2

Your spell library contained the following spells:

 Spells                   Type           Power      Damage    Failure   Level
 Blink                    Tloc           24%        N/A       8%          2
 Momentum Strike          Conj/Tloc      14%        3d8       26%         2
 Volatile Blastmotes      Fire/Tloc      14%        2d11      47%         3
 Kiss of Death            Conj/Necr      8%         2d6       52%         1
 Magic Dart               Conj           8%         1d3       52%         1
 Call Imp                 Summ           4%         N/A       67%         2
 Static Discharge         Conj/Air       4%         3-4/arc   67%         2
 Confusing Touch          Hex            2%         N/A       88%         3
 Dazzling Flash           Conj/Hex       4%         N/A       88%         3
 Airstrike                Air            1%         2d(1-17)  99%         4
 Cause Fear               Hex            1%         N/A       99%         4
 Dispel Undead            Necr           2%         3d7       99%         4
 Summon Lightning Spire   Summ/Air       2%         N/A       99%         4
 Fireball                 Conj/Fire      1%         3d3       100%        5
 Starburst                Conj/Fire      1%         6d3       100%        6
 Monstrous Menagerie      Summ           1%         N/A       100%        7
 Spellforged Servitor     Conj/Summ      1%         N/A       100%        7
 Maxwell's Capacitive Co  Air            1%         ∞         100%        8
 Dragon's Call            Summ           1%         N/A       100%        9


Dungeon Overview and Level Annotations

Branches:
Dungeon (15/15)            Temple (0/1) D:5            Lair (5/5) D:9
  Swamp (0/4) Lair:2       Spider (0/4) Lair:2        Slime (0/5) Lair:5
    Orc (2/2) D:11            Elf (0/3) Orc:2        Vaults (0/5) D:13
  Sewer (visited)
 Depths: D:15

Altars:
Cheibriados
Dithmenos
Elyvilon
Kikubaaqudgha
Makhleb
Okawaru
Ru
Sif Muna
Trog
Uskayaw
Vehumet
Yredelemnul
The Shining One
Jiyva

Shops:
D:1 ?   D:2 (   D:5 :   D:13 [[:!(   Orc:2 **

Annotations:
D:12 Meliai!
D:14 Louise
D:15 Electronic supersonic upstairs


Innate Abilities, Weirdness & Mutations

((You are very nimble when in or above water. (Stealth+, EV+, Speed+++)))
Your lower body shifts to a powerful aquatic tail in water.


Message History

You kill the orc knight!
The orc sorcerer mumbles some strange words.
The orc high priest utters an invocation to Beogh.
You block the red devil's attack.
You puncture the rust devil!
The rust devil is moderately wounded.
The orc sorcerer casts a spell at you.
You suddenly lose the ability to move!
The rust devil hits you. The rust devil corrodes you!
The red devil hits you from afar with a +0 demon trident!
Barbed spikes become lodged in your body.
The rust devil hits you. The rust devil corrodes you!
The red devil hits you from afar with a +0 demon trident!
Barbed spikes become lodged in your body.
The orc sorcerer gestures wildly while chanting.
The rust devil hits you. The rust devil corrodes you!
The orc sorcerer hits you but does no damage.
The red devil hits you from afar with a +0 demon trident!!
Barbed spikes become lodged in your body.
The rust devil hits you. The rust devil corrodes you!
The orc sorcerer casts a spell at you. The bolt of fire hits you!!
The orc sorcerer gestures wildly while chanting.
The orange demon stings you from afar!
* * * LOW HITPOINT WARNING * * *
The red devil hits you from afar with a +0 demon trident.
* * * LOW HITPOINT WARNING * * *
Barbed spikes become lodged in your body.
The orc high priest prays to Beogh.
The orc sorcerer hits you with a +0 dagger.
* * * LOW HITPOINT WARNING * * *
The rust devil hits you!
* * * LOW HITPOINT WARNING * * *
The rust devil corrodes you!
The orc sorcerer hits you with a +0 dagger!
* * * LOW HITPOINT WARNING * * *
The orange demon stings you from afar.
* * * LOW HITPOINT WARNING * * *
The red devil hits you from afar with a +0 demon trident!!
You die...

.## ##.....#.∩### ..##
##..#)....## ...## ..
##...).#.∩### ....## #o#
##....#...###. .....## .o.#
##...#....###.. ......###..4#
##........###... .......###...#
##4..###..###....
........###.oo###.).###..###.....
.........###...#@o.###..###......
..........## #4#o###).###.......
...........###o44###.)###........
............###3###..###.........
.............#####..###..........
..............###..###...........
...............#..)##............
.................................
.................................


You could see an orc high priest (strong), an orange demon (summoned), a rust
devil, a neqoxec (summoned), 2 orc sorcerers and a red devil (summoned).

Vanquished Creatures
  An ironbound preserver (D:13)
  An eleionoma (Lair:2)
  Azrael (D:12)
  8 hydras
  A catoblepas (Lair:5)
  4 centaur warriors
  A merfolk avatar (Lair:5)
  3 two-headed ogres
  15 death yaks
  4 boulder beetles
  2 tengu warriors (D:15)
  Urug (D:12)
  A sixfirhy (Orc:2)
  3 skeletal warriors (D:15)
  5 skysharks
  2 orc knights
  A deep elf pyromancer (D:12)
  A lindwurm (Lair:4)
  3 manticores
  4 cyclopes
  19 ugly things
  A meliai (Lair:2)
  7 elephants (Lair:5)
  4 black mambas
  A kobold blastminer (Orc:2)
  A rust devil (Orc:2)
  Joseph (D:7)
  A torpor snail (Lair:4)
  A meliai (shapeshifter) (D:15)
  A cane toad (shapeshifter) (D:15)
  3 gargoyles
  An orange demon (Orc:2)
  11 cane toads
  8 rime drakes
  11 komodo dragons
  An unseen horror (D:10)
  A kobold demonologist (D:13)
  An efreet (D:13)
  A freezing wraith (D:11)
  A tengu conjurer (D:15)
  4 trolls
  4 polar bears (Lair:5)
  Prince Ribbit (D:5)
  3 hornets
  A wind drake (Lair:5)
  7 dream sheep (Lair:5)
  14 blink frogs
  A snapping turtle (Lair:5)
  2 slime creatures (D:15)
  A wraith (D:12)
  A wyvern (shapeshifter) (D:13)
  57 yaks
  8 wyverns
  4 fire elementals (D:12)
  3 wargs
  3 basilisks
  2 steam dragons (D:8)
  Grum (D:9)
  9 vampire mosquitoes
  2 acid dragons
  10 water moccasins
  2 hell hounds (D:12)
  22 orc warriors
  2 ice beasts
  A black bear (D:5)
  5 laughing skulls
  A crocodile (Sewer)
  5 centaurs
  19 wolves
  5 ogres
  3 phantoms
  4 kobold brigands
  14 bullfrogs
  3 gnoll sergeants
  6 scorpions
  9 wights
  17 killer bees
  5 spriggan skeletons (D:10)
  A troll skeleton (D:10)
  A howler monkey (D:8)
  An electric eel (Lair:5)
  A lava snake (D:15)
  2 gnoll boudas
  6 jellies
  3 hounds
  18 orc priests
  4 iguanas
  5 sleepcaps
  4 hell rats (Lair:5)
  7 orc wizards
  Natasha (thrice) (D:3)
  Terence (D:3)
  Robin (D:3)
  28 gnolls
  2 river rats (D:6)
  8 adders
  2 white imps
  A dart slug (D:3)
  51 orcs
  5 ball pythons
  9 bats
  7 endoplasms
  2 giant cockroaches (D:1)
  14 goblins
  10 hobgoblins
  7 jackals
  4 quokkas
  2 frilled lizards (D:1)
  22 kobolds
  12 rats
643 creatures vanquished.

Notes
Turn   | Place    | Note
-------+----------+-------------------------------------------
     0 | D:1      | Amplified the Merfolk Fighter began the quest for the Orb.
     0 | D:1      | Reached XP level 1. HP: 18/18 MP: 1/1
    28 | D:1      | Found Uttojeid's Magic Scroll Boutique.
    71 | D:1      | Reached XP level 2. HP: 16/24 MP: 2/2
   276 | D:1      | Reached XP level 3. HP: 28/30 MP: 3/3
  1096 | D:2      | Found Afipiethi's Weapon Boutique.
  1274 | D:2      | Reached XP level 4. HP: 37/37 MP: 4/4
  1343 | D:2      | Found a white marble altar of Elyvilon.
  1796 | D:3      | Identified the +1 helmet of Ethereal Satisfaction {+Inv
                  | rC+}
  1796 | D:3      | Noticed Robin
  1872 | D:3      | Killed Robin
  1983 | D:3      | Noticed Natasha
  1994 | D:3      | Killed Natasha
  1995 | D:3      | Reached XP level 5. HP: 43/43 MP: 5/5
  2309 | D:3      | Noticed Terence
  2348 | D:3      | Killed Terence
  2560 | D:3      | Noticed Natasha
  2577 | D:3      | Killed Natasha
  2699 | D:3      | Noticed Natasha
  2711 | D:3      | Killed Natasha
  2712 | D:3      | Reached skill level 5 in Polearms
  2712 | D:3      | Reached XP level 6. HP: 33/50 MP: 6/6
  3077 | D:4      | Reached skill level 5 in Fighting
  3206 | D:4      | Reached XP level 7. HP: 23/56 MP: 7/7
  3429 | D:4      | Reached skill level 5 in Shields
  3980 | D:5      | Entered Level 5 of the Dungeon
  4018 | D:5      | Found a radiant altar of Vehumet.
  4100 | D:5      | Reached XP level 8. HP: 64/65 MP: 8/8
  4130 | D:5      | Found a glowing golden altar of the Shining One.
  4172 | D:5      | Became a worshipper of the Shining One
  4217 | D:5      | Found Ilureg's Book Shoppe.
  4291 | D:5      | Reached skill level 1 in Invocations
  4451 | D:5      | Noticed Prince Ribbit
  4467 | D:5      | Killed Prince Ribbit
  4588 | D:5      | Found a staircase to the Ecumenical Temple.
  4725 | D:5      | Identified the +2 leather armour of Supple Strength {^Drain
                  | Str+3 Int+3}
  4947 | D:5      | Found a bloodstained altar of Trog.
  5310 | D:6      | Reached XP level 9. HP: 61/73 MP: 10/10
  5468 | D:6      | Found a glowing drain.
  5491 | Sewer    | Entered a sewer
  5802 | D:6      | Reached * piety under the Shining One
  6014 | D:7      | Identified the ring of Tosorrum {Wiz rPois rC++ Slay-3
                  | SInv}
  6073 | D:7      | Found a white marble altar of Elyvilon.
  6315 | D:7      | Found a basalt altar of Yredelemnul.
  6542 | D:7      | Found a sacrificial altar of Ru.
  6604 | D:7      | Found an ancient bone altar of Kikubaaqudgha.
  6696 | D:7      | Found a burning altar of Makhleb.
  6850 | D:7      | Noticed Joseph
  6871 | D:7      | Killed Joseph
  6872 | D:7      | Reached skill level 10 in Polearms
  6872 | D:7      | Reached XP level 10. HP: 26/83 MP: 8/13
  7215 | D:8      | Found a shadowy altar of Dithmenos.
  7650 | D:8      | Found a snail-covered altar of Cheibriados.
  7762 | D:8      | Identified the +1 robe of Yppuphum {rPois Will+ Int+3
                  | Stlth+}
  8666 | D:9      | Noticed Grum
  8667 | D:9      | Found a staircase to the Lair.
  8681 | D:9      | Killed Grum
  8695 | D:9      | Reached skill level 5 in Invocations
  8972 | D:9      | Noticed a two-headed ogre
  8985 | D:9      | Killed a two-headed ogre
  8986 | D:9      | Reached skill level 10 in Fighting
  9098 | D:9      | Found a shimmering blue altar of Sif Muna.
  9348 | D:9      | Noticed Maurice
  9350 | D:9      | Maurice changed into Maurice the bullfrog
  9350 | D:9      | Noticed Maurice
  9356 | D:9      | Killed Maurice the bullfrog
  9511 | D:10     | Entered Level 10 of the Dungeon
  9534 | D:10     | Reached ** piety under the Shining One
  9542 | D:10     | Noticed a two-headed ogre
  9558 | D:10     | Reached XP level 11. HP: 71/92 MP: 15/15
  9572 | D:10     | Killed a two-headed ogre
 10015 | D:10     | Reached skill level 10 in Shields
 10203 | D:10     | Got the Vellum of the Entourage
 10493 | D:11     | Noticed a white ugly thing
 10505 | D:11     | Killed a white ugly thing
 10561 | D:11     | Noticed a two-headed ogre
 10570 | D:11     | Killed a two-headed ogre
 10602 | D:11     | Noticed a cyclops
 10610 | D:11     | Killed a cyclops
 11075 | D:11     | Reached *** piety under the Shining One
 11116 | D:11     | Found a staircase to the Orcish Mines.
 11258 | D:11     | Reached XP level 12. HP: 74/102 MP: 17/17
 11427 | D:12     | Noticed Azrael
 11463 | D:12     | HP: 5/102 [Azrael/+0 scimitar of flaming (9)]
 11465 | D:12     | Killed Azrael
 11467 | D:12     | Noticed Urug
 11738 | D:12     | Killed Urug
 11992 | D:12     | Found an iron altar of Okawaru.
 12179 | D:12     | You fall into a shaft and drop 3 floors!
 12179 | D:15     | Entered Level 15 of the Dungeon
 12261 | D:15     | Noticed a boulder beetle
 12275 | D:15     | Killed a boulder beetle
 12326 | D:14     | Noticed Louise
 12605 | D:15     | Noticed an eight-headed hydra
 12621 | D:15     | Killed an eight-headed hydra
 12645 | D:15     | Noticed a centaur warrior
 12659 | D:15     | Killed a centaur warrior
 12880 | D:15     | Noticed a tengu warrior
 12912 | D:15     | Killed a tengu warrior
 12966 | D:15     | Noticed a centaur warrior
 12980 | D:15     | Killed a centaur warrior
 13241 | D:15     | Found a hide-covered altar of Uskayaw.
 13318 | D:15     | Reached skill level 15 in Polearms
 13318 | D:15     | Reached XP level 13. HP: 101/111 MP: 10/19
 14248 | D:13     | Found Gaev's Armour Shop.
 14252 | D:13     | Found Zupsua's Armour Shop.
 14370 | D:13     | Found Qirie's Distillery.
 14380 | D:13     | Bought a potion of might for 60 gold pieces
 14380 | D:13     | Bought a potion of haste for 150 gold pieces
 14380 | D:13     | Bought a potion of lignification for 45 gold pieces
 14380 | D:13     | Bought a potion of lignification for 45 gold pieces
 14380 | D:13     | Bought 2 potions of lignification for 90 gold pieces
 14455 | D:13     | Noticed an ironbound preserver
 14961 | D:13     | Found Kuefiez's Weapon Shoppe.
 15039 | D:13     | Killed an ironbound preserver
 15200 | D:13     | Found a gate to the Vaults.
 15207 | D:13     | Identified the +7 longbow of Hegidog {antimagic, rPois
                  | Str+3 Dex-2}
 15297 | D:13     | Reached skill level 1 in Dodging
 15733 | D:13     | Found Durull's Book Boutique.
 15743 | D:13     | Bought a book of Spatial Translocations for 252 gold pieces
 15746 | D:13     | Learned a level 2 spell: Lesser Beckoning
 15986 | D:12     | Reached XP level 14. HP: 105/121 MP: 21/21
 16027 | D:12     | Reached skill level 1 in Spellcasting
 16046 | D:12     | Reached skill level 1 in Translocations
 16314 | Lair:1   | Entered Level 1 of the Lair of Beasts
 16564 | Lair:1   | Noticed Sonja
 16583 | Lair:1   | Sonja changed into Sonja the warg
 16583 | Lair:1   | Noticed Sonja
 16605 | Lair:1   | Killed Sonja the warg
 16869 | Lair:2   | Found a staircase to the Swamp.
 16869 | Lair:2   | Noticed an eleionoma
 16882 | Lair:2   | Killed an eleionoma
 16999 | Lair:4   | Reached skill level 15 in Fighting
 17011 | Lair:4   | Reached skill level 10 in Invocations
 17050 | Lair:5   | Entered Level 5 of the Lair of Beasts
 17271 | Lair:5   | Found the +4 robe of Folly {Brill Will-∞ Int+8}
 17391 | Lair:5   | Found a viscous altar of Jiyva.
 17391 | Lair:5   | Found a staircase to the Slime Pits.
 17820 | Lair:5   | Reached **** piety under the Shining One
 18002 | Lair:5   | Reached XP level 15. HP: 78/129 MP: 19/22
 18402 | Lair:5   | Identified the ring of Kuemaan {Ice rPois Slay+3}
 18407 | Lair:5   | Got an earthy gem with 1859 turns to spare
 18529 | Lair:5   | Reached skill level 5 in Spellcasting
 19185 | Lair:5   | Reached skill level 5 in Translocations
 19730 | Lair:4   | Identified the +0 leather armour of the Hippo {Rampage rN+
                  | Dex+3}
 21116 | Lair:2   | Identified the ring "Vuwaplil" {Ice Int+3}
 21183 | Lair:2   | Found a hole to the Spider Nest.
 22484 | Orc:1    | Entered Level 1 of the Orcish Mines
 22683 | Orc:2    | Entered Level 2 of the Orcish Mines
 22818 | Orc:2    | Found Daiclop's General Store.
 22825 | Orc:2    | Reached skill level 15 in Shields
 22830 | Orc:2    | Found Utsecir's General Store.
 22995 | Orc:2    | Bought a scroll of teleportation for 45 gold pieces
 22995 | Orc:2    | Bought a scroll of fog for 60 gold pieces
 22995 | Orc:2    | Bought a scroll of enchant weapon for 112 gold pieces
 22995 | Orc:2    | Bought a scroll of enchant armour for 112 gold pieces
 23082 | Orc:2    | Found a staircase to the Elven Halls.
 23467 | Orc:2    | Paralysed by an orc sorcerer for 5 turns
 23472 | Orc:2    | Mangled by a red devil

Illustrated notes

Levels and vault maps discovered:
D:1:      tarquinn_simple_flora_water_b, layout_basic, serial_shops, shop
D:2:      layout_basic, serial_shops, nicolae_shop_just_a_little_nook,
          basic_altar
D:3:      minmay_inner_zag, layout_basic, uniq_natasha, uniq_terence, uniq_robin
D:4:      layout_cave_pools, serial_rivers, chequers_serial_rivers_small_a,
          chequers_serial_rivers_room_a, chequers_serial_rivers_small_3,
          chequers_serial_rivers_large_b, chequers_serial_rivers_room_a,
          chequers_serial_rivers_micro_b
D:5:      layout_basic, mainiacjoe_overflow_24_doors,
          nicolae_tso_swordbearing_angel, kennysheep_mini,
          minmay_temple_entry_sparse_star, serial_shops, shop,
          uniq_prince_ribbit1
D:6:      layout_rooms, portal_sewer_entry_b
D:7:      layout_loops_ring, bloody_makhleb, lemuel_round_altar,
          nicolae_ru_sacrificial_ziggurat, kennysheep_ying_yang,
          kennysheep_generic_room_11, uniq_joseph
D:8:      kennysheep_spiral_hall, layout_basic, overflow_temple_1_default,
          lemuel_doored_altar, kennysheep_dice
D:9:      layout_grid_maze, overflow_temple_1_default, dpeg_oklobed_lair,
          uniq_maurice, uniq_grum
D:10:     layout_loops_ring, hangedman_tell_no_tales
D:11:     layout_cave_pools, orc_david_3
D:12:     layout_roguey [special_room_bee], okawaru_trees_2, uniq_urug,
          uniq_azrael
D:13:     layout_cave_pods, skrybe_vaults_entry_preservation, serial_shops,
          nicolae_shop_statue_plus, nicolae_shop_advertising_works
          [nicolae_subvault_shop_adworks], shop, nicolae_shop_tiny_waterfront,
          nicolae_lakefront_shop
D:14:     layout_irregular_city, serial_bayou_lagoon_a, lemuel_flamethrower_3,
          uniq_louise
D:15:     grunt_enter_depths_snipers, layout_stronghold, hex_tiny,
          nicolae_uskayaw_suspiria
Lair:1:   layout_chaotic_city, grunt_forest_small_clearing_treed,
          grunt_megastairs_2, uniq_sonja
Lair:2:   layout_long_grid, alex1729_swamp_entry_worm_eleionoma,
          hellmonk_spider_entry_not_the_bees
Lair:3:   layout_cave_pods, grunt_megastairs_1
Lair:4:   layout_roguey
Lair:5:   gammafunk_lair_ancient_temple, layout_cave_pods,
          nicolae_slime_entry_field_trip, st_stairs_6,
          nicolae_lair_grazing_beasts [nicolae_sub_lair_graze_edge,
          nicolae_sub_lair_graze_edge, nicolae_sub_lair_graze_edge,
          nicolae_sub_lair_graze_edge]
Orc:1:    layout_caves, hellmonk_talismancer
Orc:2:    pf_orc_diabolical, layout_diamond_mine

Skill      XL: |  1  2  3  4  5  6  7  8  9 10 11 12 13 14 15 |
---------------+----------------------------------------------+-----
Polearms       | 3 4 5 7 8 10 11 13 15 16 | 16.0
Fighting       | 4 5 6 7 9 10 11 13 14 15 16 | 16.4
Shields        | 4 5 6 8 9 10 12 13 14 15 | 15.0
Invocations    | 2 4 5 7 8 9 10 11 | 11.2
Dodging        | 1 |  1.4
Spellcasting   | 4 6 |  6.6
Translocations | 4 6 |  6.1
Armour         | |  2.4

Action                     |  1- 3 |  4- 6 |  7- 9 | 10-12 | 13-15 || total
---------------------------+-------+-------+-------+-------+-------++-------
  Melee: Trident           |   153 |   228 |   326 |   733 |  1753 ||  3193
         Tailslap          |       |       |       |       |    37 ||    37
  Throw: Dart              |       |     3 |     3 |     1 |       ||     7
         Throwing net      |       |       |       |     4 |       ||     4
         Javelin           |       |       |       |       |     1 ||     1
 Invoke: Divine Shield     |       |       |     2 |     6 |    24 ||    32
         Cleansing Flame   |       |       |       |     4 |    12 ||    16
  Evoke: Wand              |       |       |     5 |     4 |     3 ||    12
    Use: Potion            |     1 |     6 |       |     4 |     7 ||    18
         Scroll            |     5 |     6 |     5 |    12 |    11 ||    39
 Armour: Scale mail        |    87 |   128 |    87 |   174 |       ||   476
         Skin              |       |    35 |       |       |       ||    35
         Ring mail         |       |       |       |    85 |   445 ||   530
  Dodge: Dodged            |    75 |    43 |    37 |    87 |   157 ||   399
  Block: Buckler           |    45 |       |       |       |       ||    45
         Tower shield      |       |   261 |   201 |   564 |  1418 ||  2444
